 Dungeon Crawl Stone Soup version 0.30-a0-585-g93115170b9 (webtiles) character file.

Game seed: 2884569683057183538

2026649 ragingrage the Slayer (level 27, 244/244 HPs)
             Began as a Gnoll Hedge Wizard on Dec 30, 2022.
             Was the Champion of Cheibriados.
             Escaped with the Orb
             ... and 4 runes on Jan 1, 2023!
             The game lasted 03:20:17 (88746 turns).

ragingrage the Slayer (Gnoll Hedge Wizard)         Turns: 88746, Time: 03:20:18

Health: 244/244    AC: 30    Str: 25    XL:     27
Magic:  47/47      EV: 42    Int: 37    God:    Cheibriados [******]
Gold:   6616       SH: 23    Dex: 41    Spells: 1/67 levels left

rFire   + . .      SeeInvis +    a - +8 autumn katana {manifold assault}
rCold   . . .      Faith    .    o - +2 kite shield
rNeg    . . .      Spirit   .    k - +8 faerie dragon scales {rElec Will+ rCorr Dex+2}
rPois   +          Reflect  .    s - +0 helmet of Weightlessness {Contam Will++ Slay+2}
rElec   +          Harm     .    f - +1 cloak {rPois}
rCorr   +          Rampage  .    j - +0 pair of gloves
Will    +++++                    q - +1 pair of boots {Fly}
Stlth   +++                      G - amulet of the acrobat
HPRegen 0.60/turn                B - ring "Jischygu" {Fire *Corrode Dex+9 SInv}
MPRegen 0.30/turn                p - ring "Ohoxzeto" {Wiz Fly rC+}

@: flying, very slow
A: fangs 1, strong nose, distributed training, talons 1, iridescent scales 1,
clumsy 1
0: Orb of Zot
}: 4/15 runes: serpentine, barnacled, slimy, silver
a: Renounce Religion, Bend Time, Temporal Distortion, Slouch, Step From Time


You escaped.
You worshipped Cheibriados.
Cheibriados was exalted by your worship.
You visited 11 branches of the dungeon, and saw 53 of its levels.
You also visited: Bailey, Gauntlet, Ice Cave and Volcano.

You collected 10454 gold pieces.
You spent 3838 gold pieces at shops.

Inventory:

Hand Weapons
 a - the +8 autumn katana (weapon) {manifold assault}
   (You found it on level 5 of the Pits of Slime)

   It sometimes launches melee attacks against multiple visible enemies.
 b - a +9 heavy demon blade
 l - a +1 hand crossbow of flaming
Missiles
 i - 13 boomerangs of dispersal
 J - 4 throwing nets
 W - 9 silver javelins
 X - 26 curare-tipped darts
Armour
 f - a +1 cloak of poison resistance (worn)
 j - a +0 pair of gloves (worn)
 k - the +8 faerie dragon scales (worn) {rElec Will+ rCorr Dex+2}
   (You took it off the Enchantress on level 1 of the Depths)

   Dex:       It affects your dexterity (+2).
   rElec:     It insulates you from electricity.
   rCorr:     It protects you from acid and corrosion.
   Will:      It increases your willpower.
 o - a +2 kite shield (worn)
 q - a +1 pair of boots of flying (worn)
 s - the +0 helmet of Weightlessness (worn) {Contam Will++ Slay+2}
   (You found it in a Gauntlet)

   Slay:      It affects your accuracy & damage with ranged weapons and melee
   (+2).
   Contam:    It causes magical contamination when unequipped.
   Will:      It greatly increases your willpower.
Jewellery
 c - the ring of Balance {rElec rPois rCorr Int+3 Slay+6}
   (You found it on level 3 of the Realm of Zot)

   [ring of resist corrosion]

   Int:       It affects your intelligence (+3).
   Slay:      It affects your accuracy & damage with ranged weapons and melee
   (+6).
   rElec:     It insulates you from electricity.
   rPois:     It protects you from poison.
   rCorr:     It protects you from acid and corrosion.
 p - the ring "Ohoxzeto" (right hand) {Wiz Fly rC+}
   (You found it on level 5 of the Pits of Slime)

   [ring of wizardry]

   It improves your spell success rate.
   rC:        It protects you from cold.
   Fly:       It grants you flight.
 r - a ring of protection from fire
 B - the ring "Jischygu" (left hand) {Fire *Corrode Dex+9 SInv}
   (You found it on level 3 of the Elven Halls)

   [ring of fire]

   It enhances your fire magic.
   Dex:       It affects your dexterity (+9).
   rF:        It protects you from fire.
   rC:        It makes you vulnerable to cold.
   SInv:      It lets you see invisible.
   *Corrode:  It may corrode you when you take damage.
 G - an amulet of the acrobat (around neck)
Wands
 n - a wand of quicksilver (7)
 I - a wand of flame (17)
 O - a wand of iceblast (57)
 P - a wand of paralysis (44)
 Q - a wand of polymorph (21)
 R - a wand of mindburst (60)
 T - a wand of digging (15)
Scrolls
 h - 17 scrolls of teleportation
 u - 5 scrolls of poison
 v - 5 scrolls of blinking
 y - 14 scrolls of magic mapping
 C - 5 scrolls of silence
 E - a scroll of enchant armour
 K - 6 scrolls of butterflies
 M - 8 scrolls of fog
 V - 6 scrolls of fear
 Y - 4 scrolls of torment
Potions
 d - 6 potions of magic
 e - 8 potions of mutation
 m - a potion of berserk rage
 w - 6 potions of cancellation
 z - 9 potions of attraction
 A - 8 potions of might
 D - 23 potions of curing
 F - 21 potions of heal wounds
 L - 2 potions of invisibility
 N - 11 potions of lignification
 S - 5 potions of ambrosia
 Z - 4 potions of brilliance
Miscellaneous
 g - a tin of tremorstones (2/2)
 t - a phantom mirror
 x - a box of beasts
 H - a condenser vane
 U - a phial of floods


   Skills:
 + Level 25.8 Fighting
 + Level 19.6 Short Blades
 + Level 19.6 Long Blades
 + Level 19.6 Axes
 + Level 19.6 Maces & Flails
 + Level 19.6 Polearms
 + Level 19.6 Staves
 + Level 19.6 Ranged Weapons
 + Level 19.6 Throwing
 + Level 19.6 Armour
 + Level 20.0 Dodging
 + Level 20.0 Stealth
 + Level 19.6 Shields
 + Level 19.6 Unarmed Combat
 + Level 20.6 Spellcasting
 + Level 16.8 Conjurations
 + Level 16.7 Hexes
 + Level 16.8 Summonings
 + Level 16.7 Necromancy
 + Level 16.8 Translocations
 + Level 16.7 Transmutations
 + Level 16.7 Fire Magic
 + Level 16.7 Ice Magic
 + Level 16.7 Air Magic
 + Level 16.7 Earth Magic
 + Level 16.7 Poison Magic
 + Level 21.1 Invocations
 + Level 19.6 Evocations


You had one spell level left.
You knew the following spells:

 Your Spells              Type           Power      Damage    Failure   Level
a - Spellforged Servitor  Conj/Summ      52%        N/A       1%          7
b - Wereblood             Tmut           100%       N/A       0%          2
c - Death Channel         Necr           52%        N/A       1%          6
d - Summon Mana Viper     Hex/Summ       100%       N/A       1%          5
e - Passwall              Tmut/Erth      86%        N/A       0%          2
f - Lesser Beckoning      Tloc           100%       N/A       0%          3
g - Blink                 Tloc           100%       N/A       0%          2
h - Yara's Violent Unrav  Hex/Tmut       52%        3d20      1%          5
i - Lee's Rapid Deconstr  Erth           52%        3d24*     1%          5
j - Sandblast             Erth           100%       2d20      0%          1
k - Summon Cactus Giant   Summ           52%        N/A       1%          6
l - Iron Shot             Conj/Erth      52%        9d10      1%          6
m - Vhi's Electric Charg  Tloc/Air       100%       N/A       0%          3
n - Maxwell's Capacitive  Air            52%        ∞         3%          8
o - Borgnjor's Vile Clut  Necr/Erth      52%        N/A       1%          5

Your spell library contained the following spells:

 Spells                   Type           Power      Damage    Failure   Level
 Apportation              Tloc           100%       N/A       0%          1
 Beastly Appendage        Tmut           100%       N/A       0%          1
 Kiss of Death            Conj/Necr      100%       2d13      0%          1
 Magic Dart               Conj           100%       1d8       0%          1
 Necrotise                Necr           100%       1d9       0%          1
 Shock                    Conj/Air       100%       1d9       0%          1
 Slow                     Hex            100%       N/A       0%          1
 Sting                    Tmut/Pois      100%       1d8       0%          1
 Summon Small Mammal      Summ           100%       N/A       0%          1
 Call Imp                 Summ           100%       N/A       0%          2
 Cigotuvi's Dreadful Rot  Necr/Pois/Air  100%       N/A       0%          2
 Ensorcelled Hibernation  Hex/Ice        100%       N/A       0%          2
 Momentum Strike          Conj/Tloc      100%       3d10      0%          2
 Poisonous Vapours        Pois/Air       100%       N/A       0%          2
 Scorch                   Fire           100%       2d10      0%          2
 Searing Ray              Conj           100%       2d8       0%          2
 Static Discharge         Conj/Air       100%       2-7/arc   0%          2
 Sublimation of Blood     Necr           100%       N/A       0%          2
 Call Canine Familiar     Summ           100%       N/A       0%          3
 Confusing Touch          Hex            100%       N/A       0%          3
 Frozen Ramparts          Ice            100%       1d16      0%          3
 Gell's Gravitas          Tloc           100%       N/A       0%          3
 Hailstorm                Conj/Ice       100%       3d20      0%          3
 Ignite Poison            Fire/Tmut/Pois 100%       N/A       0%          3
 Inner Flame              Hex/Fire       100%       N/A       0%          3
 Kindle Blastsparks       Fire/Tloc/Air  100%       2d18      0%          3
 Mephitic Cloud           Conj/Pois/Air  100%       N/A       0%          3
 Portal Projectile        Hex/Tloc       100%       N/A       0%          3
 Spider Form              Tmut/Pois      100%       N/A       0%          3
 Stone Arrow              Conj/Erth      100%       3d13      0%          3
 Summon Guardian Golem    Hex/Summ       100%       N/A       0%          3
 Swiftness                Air            100%       N/A       0%          3
 Teleport Other           Tloc           100%       N/A       0%          3
 Vampiric Draining        Necr           100%       2d13      0%          3
 Airstrike                Air            52%        2d(8-24)  0%          4
 Anguish                  Hex/Necr       52%        N/A       0%          4
 Animate Armour           Summ/Erth      100%       N/A       0%          4
 Animate Dead             Necr           100%       N/A       0%          4
 Cause Fear               Hex            52%        N/A       0%          4
 Dispel Undead            Necr           100%       3d31      0%          4
 Flame Wave               Conj/Fire      100%       2d21      0%          4
 Fulminant Prism          Conj/Hex       52%        3d22      0%          4
 Ice Form                 Ice/Tmut       100%       N/A       0%          4
 Leda's Liquefaction      Hex/Erth       52%        N/A       0%          4
 Agony                    Necr           100%       N/A       1%          5
 Arcjolt                  Conj/Air       52%        1d62      1%          5
 Blade Hands              Tmut           52%        N/A       1%          5
 Freezing Cloud           Conj/Ice/Air   52%        6-21      1%          5
 Lightning Bolt           Conj/Air       52%        1d73      1%          5
 Metabolic Englaciation   Hex/Ice        52%        N/A       1%          5
 Dispersal                Tloc           52%        N/A       1%          6
 Simulacrum               Ice/Necr       52%        N/A       1%          6
 Statue Form              Tmut/Erth      69%        N/A       1%          6
 Dragon Form              Tmut           52%        N/A       1%          7
 Enfeeble                 Hex            52%        N/A       1%          7
 Orb of Destruction       Conj           52%        9d13      1%          7
 Ozocubu's Refrigeration  Ice            52%        4d19      1%          7
 Summon Hydra             Summ           52%        N/A       1%          7
 Discord                  Hex            52%        N/A       3%          8
 Dragon's Call            Summ           52%        N/A       41%         9
 Chain Lightning          Conj/Air       52%        3d69      43%         9
 Fire Storm               Conj/Fire      63%        8d16      43%         9
 Shatter                  Erth           52%        3d39*     43%         9


Dungeon Overview and Level Annotations

Branches:
Dungeon (15/15)            Temple (1/1) D:4            Lair (5/5) D:9
 Shoals (4/4) Lair:3        Snake (4/4) Lair:3        Slime (5/5) Lair:4
    Orc (2/2) D:10            Elf (3/3) Orc:2        Vaults (5/5) D:14
  Crypt (0/3) Vaults:3     Depths (4/4) D:15            Zot (5/5) Depths:4
 Bailey (visited)           IceCv (visited)         Volcano (visited)
Gauntlet (visited)

Altars:
Ashenzari
Cheibriados
Dithmenos
Elyvilon
Fedhas
Gozag
Hepliaklqana
Kikubaaqudgha
Makhleb
Nemelex Xobeh
Okawaru
Qazlal
Ru
Sif Muna
Trog
Uskayaw
Vehumet
Wu Jian
Xom
Yredelemnul
Zin
The Shining One
Jiyva
Lugonu

Shops:
D:9 !   D:10 *   D:11 *   Orc:1 *   Orc:2 *(**   Vaults:3 *:?(

Portals:
Hell: Depths:1 Depths:2 Depths:3 Depths:4
Abyss: Shoals:3 Zot:4 Depths:3 Depths:4
Pandemonium: Depths:1 Depths:2
Ziggurat: Depths:1

Annotations:
D:14 exclusion: 2 doors
Shoals:1 6 transporters
Shoals:3 1 runed translucent door
Snake:2 exclusion: downstairs
Vaults:1 36 runed doors
Vaults:4 3 runed translucent doors, Anna's ghost, adept MiFi
Zot:2 2 transporters
Zot:3 exclusion: downstairs
Zot:4 2 transporters, Buusaloph's ghost, veteran TrCK


Innate Abilities, Weirdness & Mutations

You have very sharp teeth.
Your uncanny sense of smell can sniff out nearby items.
Your experience applies equally to all skills.
You have sharp toenails.
You are partially covered in iridescent scales. (AC +2)
You are clumsy. (Dex -2)


Message History

Things that are here:
a +0 chain mail; a +0 dagger
Casting: Borgnjor's Vile Clutch (safe; 1% risk of failure)
Confirm with . or Enter, or press ? or * to list all spells.
Aiming: Borgnjor's Vile Clutch (safe; 1% risk of failure)
Press: ? - help, Shift-Dir - straight line, f/p - demonspawn blood saint
Aim: a demonspawn blood saint, wielding a +0 quarterstaff and wearing a +0 robe (almost dead, 100% to hit)
Zombie hands grab the demonspawn blood saint.
Zombie hands grab the demonspawn black sun.
The zombie hands constrict the demonspawn blood saint.
The zombie hands constrict the demonspawn black sun!
The demonspawn blood saint calls on the powers of chaos!
The balrug's willpower is stripped away.
The demonspawn black sun suddenly seems more agile.
The demonspawn black sun struggles to escape constriction.
The zombie hands constrict the demonspawn blood saint!!
You kill the demonspawn blood saint!
Cheibriados appreciates the change of pace.
The zombie hands constrict the demonspawn black sun!
The demonspawn black sun escapes!
You block the demonspawn black sun's attack.
There is a stone staircase leading up here.
The demonspawn black sun hits you from afar with a +2 demon trident of electrocution!
Your corrosive artefact corrodes you!
You fly upwards.
There is a stone staircase leading down here.
(D) Dungeon (T) Temple (L) Lair (A) Shoals (P) Snake Pit (M) Slime Pits (O) Orcish Mines (E) Elven Halls (V) Vaults (C) Crypt (U) Depths (H) Hell (Z) Zot
Where to? (Enter - D:1 @ (x,y), ? - help)
What level of the Dungeon? (default 1, ? - help) Magic restored.
You are no longer corroded.
HP restored.
There is a stone staircase leading up here.
You fly upwards.
There is a stone staircase leading down here.
There is a staircase leading out of the dungeon here.
You have escaped!

.....#########..........(........
#'#### ################.#^.
#.###########################.#..
#.#.#..#.....#..#.....#..#.##.#..
#.#.#..#..#..#..#..#.......#..#..
#.............................#.#
#...#..#..#..#.....#..#..#..###.#
#.#..........#.....#..#..#.## #.#
#.#....#..#.....@..#.....#.# #..
..########################## ###
..####### ........# ##.####'#####
#.##..)....# #.##.......#
######### #.##.......# #.......#
##'##.......# #.......# ##


There were no monsters in sight!

Vanquished Creatures
  the Royal Jelly (Slime:5)
  A seraph (D:15)
  A dread lich (Zot:5)
  3 ancient liches
  7 orbs of fire
  Josephina (Zot:4)
  Bai Suzhen (Snake:3)
  Frederick (Vaults:3)
  4 Killer Klowns
  Boris (twice) (Vaults:3 Vaults:4)
  5 curse toes
  Margery (Vaults:5)
  Vashnia (Snake:3)
  2 caustic shrikes (Depths:1)
  Nikola (Shoals:1)
  the Enchantress (Depths:1)
  10 golden dragons
  A bone dragon (Depths:4)
  A Tzitzimitl (D:15)
  A hellephant (Depths:2)
  An electric golem (Zot:5)
  A Hell Sentinel (D:11)
  Jorgrun (Shoals:2)
  12 Orb Guardians
  A lich (Depths:1)
  8 tentacled monstrosities
  Zenata (Vaults:3)
  2 titans (Vaults:5)
  A walking earthen tome (Depths:1)
  18 acid blobs
  4 quicksilver dragons
  2 deep elf master archers (Elf:3)
  2 deep elf blademasters (Elf:3)
  A kraken (Shoals:2)
  An acid blob (shapeshifter) (Depths:2)
  Kirke (Elf:1)
  3 death cobs
  5 sphinxes
  6 shadow dragons
  Gastronok (D:9)
  3 tengu reavers
  5 storm dragons
  8 draconian monks
  A revenant (Vaults:4)
  Aizul (Depths:1)
  11 nagarajas (Snake:4)
  6 azure jellies
  4 draconian knights
  4 fire giants
  7 rockslimes
  4 frost giants
  A caustic shrike zombie (Depths:2)
  7 deep elf sorcerers
  3 ghost moths
  15 vault wardens
  5 draconian shifters
  9 draconian scorchers
  4 draconian stormcallers
  3 orc warlords
  4 spriggan defenders
  A war gargoyle (Vaults:4)
  A balrug (Gauntlet)
  31 very ugly things
  A demonspawn blood saint (D:3)
  14 ironbound preservers
  13 stone giants
  6 green draconians
  4 vampire knights
  3 draconian annihilators
  10 quicksilver oozes
  Azrael (Elf:1)
  5 ironbound thunderhulks
  10 deep elf demonologists
  16 yellow draconians
  13 dire elephants
  6 white draconians
  7 black draconians
  5 red draconians
  A minotaur (Gauntlet)
  5 spark wasps
  4 deep elf annihilators
  7 purple draconians
  6 ettins
  10 merfolk impalers
  A crystal guardian (Vaults:3)
  6 deep elf high priests
  4 merfolk javelineers
  3 entropy weavers
  4 deep elf death magi
  Fannar (Orc:1)
  2 fire dragons
  Harold (D:9)
  10 great orbs of eyes
  A salamander tyrant (Snake:4)
  3 hydras
  17 yaktaur captains
  A rakshasa (Depths:2)
  The ghost of billz999 the Fighter, a journeyman DjIE of Makhleb (D:9)
  28 vault guards
  An ice dragon (Depths:3)
  4 ogre magi
  7 spriggan air magi
  6 ironbound frosthearts
  6 anacondas
  16 centaur warriors
  6 merfolk aquamancers
  A peacekeeper (Vaults:3)
  Erica (D:9)
  A catoblepas (Lair:5)
  2 satyrs
  13 dancing weapons
  2 tengu warriors (Depths:1)
  A merfolk avatar (Shoals:1)
  3 boulder beetles
  4 deep troll shamans
  6 death yaks (Lair:5)
  13 two-headed ogres
  6 deep troll earth magi
  2 vampire magi
  2 shock serpents
  18 naga sharpshooters
  9 orc high priests
  5 hell knights
  11 spriggan berserkers
  21 naga warriors
  Sonja (Orc:1)
  The ghost of DSscumlord the Destroyer, a novice DsHW of Sif Muna (D:9)
  A titan zombie (Depths:2)
  7 deep elf knights
  2 iron trolls
  A fire crab (shapeshifter) (Elf:3)
  18 sea snakes
  3 glowing orange brains
  Amaemon (Lair:3)
  A flayed ghost (Depths:2)
  3 salamander mystics
  4 naga ritualists
  33 deep trolls
  A phantasmal warrior (Depths:4)
  12 wizards
  12 deep elf archers
  15 ironbound convokers
  A shadow demon (D:14)
  2 necromancers
  7 orc knights
  20 deep elf pyromancers
  3 harpies (Vaults:2)
  A mana viper (shapeshifter) (Vaults:5)
  7 lindwurms (Vaults:1)
  18 deep elf zephyrmancers
  3 mana vipers (Snake:3)
  12 manticores
  A wolf spider (D:15)
  8 elephants
  13 fauns
  38 ugly things
  5 cyclopes
  4 shining eyes
  7 merfolk sirens
  18 moths of wrath
  15 salamanders
  A salamander (shapeshifter) (Vaults:5)
  2 ice statues (IceCv)
  10 apocalypse crabs
  24 vault sentinels
  29 black mambas
  The ghost of olddryhag the Chopper, a novice VSFi (D:5)
  A fire giant skeleton (Depths:2)
  An orange demon (Lair:3)
  11 guardian serpents
  5 cane toads
  A gargoyle (D:10)
  8 water nymphs
  10 naga magi
  2 storm dragon simulacra (Zot:4)
  A smoke demon (Gauntlet)
  2 freezing wraiths
  3 unseen horrors
  A yaktaur zombie (Vaults:1)
  A rime drake (Lair:2)
  4 kobold demonologists
  2 yaktaur skeletons (Vaults:1)
  6 komodo dragons
  39 yaktaurs
  An anaconda simulacrum (IceCv)
  3 tengu conjurers
  A red devil (Gauntlet)
  6 ice devils (IceCv)
  10 trolls
  3 polar bears
  A hellwing (Depths:3)
  A queen bee (D:8)
  7 wind drakes
  33 merfolk
  50 slime creatures
  Grinder (D:3)
  7 blink frogs
  A hornet (Depths:1)
  8 snapping turtles
  11 dream sheep
  A vampire (D:11)
  A frost giant simulacrum (Vaults:2)
  3 jumping spiders
  3 spriggans (Depths:1)
  2 wraiths
  6 air elementals
  A wyvern (D:5)
  25 water elementals
  3 fire bats (Lair:3)
  9 large abominations
  A dire elephant simulacrum (IceCv)
  A hog (Elf:1)
  21 yaks
  3 chaos spawn
  A death yak simulacrum (IceCv)
  3 basilisks
  7 fire elementals
  A redback (Vaults:1)
  A red draconian simulacrum (Zot:4)
  A yaktaur simulacrum (Vaults:1)
  7 vampire mosquitoes
  11 wargs
  41 nagas
  5 harpy simulacra (IceCv)
  2 swamp worms (shapeshifter)
  A neqoxec (Gauntlet)
  5 hell hounds
  13 water moccasins
  3 hydra simulacra (IceCv)
  2 acid dragons (D:13)
  An ice beast (D:7)
  29 orc warriors
  A black bear (Lair:5)
  10 centaurs
  13 ogres
  16 wolves
  3 small abominations (Depths:4)
  6 kobold brigands
  4 gnoll sergeants
  10 bullfrogs
  2 earth elementals
  3 scorpions
  A hornet simulacrum (D:13)
  36 killer bees
  5 electric eels (Snake:2)
  8 howler monkeys
  4 nameless horrors
  2 crimson imps (Gauntlet)
  A human simulacrum (Vaults:1)
  3 hounds
  2 jellies
  37 orc priests
  3 gnoll boudas
  9 hell rats (Lair:5)
  3 iguanas
  24 orc wizards
  2 troll simulacra (IceCv)
  A polar bear simulacrum (IceCv)
  A wolf simulacrum (IceCv)
  A spriggan simulacrum (IceCv)
  22 gnolls
  12 adders
  4 river rats (Lair:5)
  2 white imps
  An ufetubus (D:6)
  A worm (D:3)
  4 dart slugs
  123 orcs
  4 ball pythons
  6 endoplasms
  7 giant cockroaches
  15 goblins
  9 hobgoblins
  3 jackals
  25 kobolds
  3 quokkas
  5 bats
  4 frilled lizards
  9 rats
  A tentacle (Shoals:2)
1946 creatures vanquished.

Vanquished Creatures (collateral kills)
  An orb of fire (Zot:3)
  Mara (Depths:1)
  Sojobo (Vaults:5)
  Boris (Depths:3)
  Parghit (Zot:4)
  3 Killer Klowns (Zot:5)
  A curse toe (Zot:3)
  Xtahua (Vaults:5)
  A caustic shrike (Depths:1)
  4 golden dragons
  An electric golem (Zot:5)
  3 tentacled monstrosities
  A lich (Depths:1)
  15 Orb Guardians
  Asterion (Vaults:1)
  2 titans (Vaults:5)
  A quicksilver dragon (Vaults:5)
  7 acid blobs
  A sphinx (Vaults:3)
  Agnes (Elf:2)
  3 storm dragons
  4 shadow dragons
  5 tengu reavers
  Roxanne (Elf:3)
  2 azure jellies
  2 revenants (Vaults:3)
  A draconian monk (Zot:2)
  4 rockslimes
  2 iron dragons (Vaults:5)
  6 draconian knights
  A nagaraja (Snake:4)
  A deep elf sorcerer (Elf:3)
  6 frost giants
  2 fire giants
  5 vault wardens
  2 draconian scorchers
  A draconian shifter (Zot:5)
  A deep elf elementalist (Elf:3)
  5 ironbound preservers
  A reaper (IceCv)
  3 quicksilver oozes (Slime:5)
  2 ironbound thunderhulks
  3 stone giants
  5 draconian annihilators
  10 very ugly things
  8 green draconians
  A vampire knight (Depths:4)
  10 white draconians
  6 black draconians
  3 deep elf annihilators
  5 red draconians
  2 deep elf demonologists
  10 dire elephants
  An eidolon (Vaults:4)
  5 yellow draconians
  A purple draconian (Zot:5)
  A fire dragon (Depths:4)
  The ghost of themarg the Thaumaturge, a journeyman GnWn of Qazlal (Lair:2)
  2 ettins
  A deep elf high priest (Vaults:5)
  2 great orbs of eyes
  4 yaktaur captains
  5 vault guards (Vaults:1)
  A spriggan skeleton (Depths:2)
  An ogre mage (Vaults:5)
  An ice dragon (Depths:1)
  2 rakshasas (Depths:1)
  3 anacondas (Snake:1)
  4 ironbound frosthearts
  2 centaur warriors
  21 dancing weapons
  3 deep troll shamans
  2 naga warriors (Snake:1)
  A two-headed ogre (D:15)
  2 boulder beetles
  2 death yaks (Lair:5)
  2 tengu warriors
  3 deep troll earth magi
  A hell knight (Vaults:5)
  An orc high priest (Elf:3)
  A spriggan berserker (Depths:4)
  A spriggan (Depths:4)
  A naga sharpshooter (Snake:1)
  4 iron trolls (Depths:4)
  8 deep elf knights
  A deep elf archer (Elf:3)
  A naga ritualist (Snake:1)
  A glowing orange brain (Depths:1)
  10 deep trolls
  4 ironbound convokers
  3 phantasmal warriors
  A mana viper (Snake:1)
  8 deep elf pyromancers
  A lindwurm (Vaults:1)
  2 orc sorcerers (Elf:3)
  3 necromancers
  9 deep elf zephyrmancers
  6 moths of wrath
  16 ugly things
  A faun (Shoals:3)
  A salamander (Snake:1)
  2 apocalypse crabs (Zot:3)
  4 black mambas
  4 vault sentinels
  2 nameless horrors
  5 yaktaurs
  2 trolls
  A merfolk (Shoals:2)
  A meliai (shapeshifter) (Vaults:5)
  A wind drake (Shoals:2)
  A polar bear (Lair:2)
  A hornet (Depths:4)
  20 slime creatures
  3 dream sheep (Lair:5)
  2 water elementals (Elf:1)
  A wraith (Vaults:3)
  4 yaks
  2 fire elementals
  3 nagas (Snake:1)
  Edmund (D:4)
  3 hell hounds (Elf:1)
  2 water moccasins (Lair:4)
  A floating eye (Slime:5)
  A moth of wrath simulacrum (Zot:4)
  An orc warrior (Elf:3)
  4 ogres
  2 wolves (Lair:2)
  2 bullfrogs
  2 scorpions (D:4)
  2 earth elementals
  2 killer bees
  An adder (D:5)
  3 orcs
  A jackal (D:5)
  A rat (Lair:5)
417 creatures vanquished.

Vanquished Creatures (others)
  A draconian knight (Zot:2)
  A purple draconian (Zot:1)
  A deep elf knight (Elf:2)
  A sea snake (Shoals:2)
  An ugly thing (Depths:3)
  A moth of wrath (Zot:5)
  A storm dragon simulacrum (Zot:4)
  A slime creature (Slime:5)
  3 air elementals (Elf:1)
  A hog (Elf:1)
  A human (Elf:1)
  20 fungi
  96 plants
  8 tentacles (Shoals:2)
  3 withered plants (D:9)
140 creatures vanquished.

Grand Total: 2503 creatures vanquished

Notes
Turn   | Place    | Note
-------+----------+-------------------------------------------
     0 | D:1      | ragingrage the Gnoll Hedge Wizard began the quest for the
                  | Orb.
     0 | D:1      | Reached XP level 1. HP: 13/13 MP: 8/8
   172 | D:1      | Reached XP level 2. HP: 19/19 MP: 6/10
  1045 | D:2      | Reached XP level 3. HP: 25/25 MP: 9/11
  1174 | D:2      | Reached skill level 1 in Invocations
  1213 | D:2      | Found a faded altar of an unknown god.
  1451 | D:2      | Reached skill level 1 in Fighting
  1451 | D:2      | Reached skill level 1 in Short Blades
  1451 | D:2      | Reached skill level 1 in Long Blades
  1451 | D:2      | Reached skill level 1 in Axes
  1451 | D:2      | Reached skill level 1 in Maces & Flails
  1451 | D:2      | Reached skill level 1 in Polearms
  1451 | D:2      | Reached skill level 1 in Staves
  1451 | D:2      | Reached skill level 1 in Ranged Weapons
  1451 | D:2      | Reached skill level 1 in Throwing
  1451 | D:2      | Reached skill level 1 in Armour
  1451 | D:2      | Reached skill level 1 in Shields
  1451 | D:2      | Reached skill level 1 in Unarmed Combat
  1451 | D:2      | Reached skill level 1 in Evocations
  1633 | D:3      | Reached XP level 4. HP: 32/32 MP: 8/13
  1636 | D:3      | Learned a level 2 spell: Blink
  1639 | D:3      | Learned a level 2 spell: Call Imp
  1643 | D:3      | Learned a level 3 spell: Mephitic Cloud
  2013 | D:3      | Reached skill level 1 in Hexes
  2013 | D:3      | Reached skill level 1 in Necromancy
  2013 | D:3      | Reached skill level 1 in Transmutations
  2013 | D:3      | Reached skill level 1 in Fire Magic
  2013 | D:3      | Reached skill level 1 in Ice Magic
  2013 | D:3      | Reached skill level 1 in Air Magic
  2013 | D:3      | Reached skill level 1 in Earth Magic
  2013 | D:3      | Reached skill level 1 in Poison Magic
  2214 | D:3      | Noticed Grinder
  2214 | D:3      | Paralysed by Grinder for 2 turns
  2264 | D:4      | Noticed Edmund
  2489 | D:3      | Reached XP level 5. HP: 30/37 MP: 14/14
  2742 | D:4      | Found a shimmering altar of Xom.
  2840 | D:4      | Reached skill level 2 in Fighting
  2840 | D:4      | Reached skill level 5 in Dodging
  2840 | D:4      | Reached XP level 6. HP: 44/44 MP: 10/16
  2913 | D:4      | Killed Edmund
  3201 | D:4      | Found a staircase to the Ecumenical Temple.
  3213 | D:4      | Reached XP level 7. HP: 49/50 MP: 10/18
  3313 | Temple   | Entered the Ecumenical Temple
  3397 | Temple   | Became a worshipper of Cheibriados the Contemplative
  4038 | D:5      | Entered Level 5 of the Dungeon
  4135 | D:5      | Reached skill level 5 in Stealth
  4520 | D:5      | Reached skill level 3 in Fighting
  4520 | D:5      | Reached XP level 8. HP: 58/58 MP: 13/19
  4931 | D:5      | Found a runed translucent door.
  4932 | D:5      | Noticed olddryhag's ghost (novice VSFi)
  4939 | D:5      | Noticed a wyvern
  5159 | D:6      | Reached * piety under Cheibriados
  5674 | D:6      | Found an ornate altar of the Wu Jian Council.
  5674 | D:6      | Found a faded altar of an unknown god.
  5682 | D:6      | Found a burning altar of Makhleb.
  5684 | D:6      | Found a stormy altar of Qazlal.
  5686 | D:6      | Found a radiant altar of Vehumet.
  5849 | D:5      | Killed a wyvern
  6273 | D:5      | Reached ** piety under Cheibriados
  6420 | D:5      | Found a glowing silver altar of Zin.
  6420 | D:5      | Found an opulent altar of Gozag.
  6630 | D:6      | Reached XP level 9. HP: 53/65 MP: 9/21
  6636 | D:6      | Reached skill level 4 in Fighting
  7456 | D:7      | Reached *** piety under Cheibriados
  7576 | D:7      | Found a flagged portal.
  7690 | Bailey   | Entered a bailey
  7736 | Bailey   | Reached skill level 5 in Invocations
  7836 | Bailey   | Reached **** piety under Cheibriados
  8238 | Bailey   | Noticed an orc knight
  8255 | Bailey   | Killed an orc knight
  8256 | Bailey   | Reached skill level 5 in Fighting
  8256 | Bailey   | Reached skill level 5 in Short Blades
  8256 | Bailey   | Reached skill level 5 in Long Blades
  8256 | Bailey   | Reached skill level 5 in Axes
  8256 | Bailey   | Reached skill level 5 in Maces & Flails
  8256 | Bailey   | Reached skill level 5 in Polearms
  8256 | Bailey   | Reached skill level 5 in Staves
  8256 | Bailey   | Reached skill level 5 in Ranged Weapons
  8256 | Bailey   | Reached skill level 5 in Throwing
  8256 | Bailey   | Reached skill level 5 in Armour
  8256 | Bailey   | Reached skill level 5 in Shields
  8256 | Bailey   | Reached skill level 5 in Unarmed Combat
  8256 | Bailey   | Reached skill level 5 in Evocations
  8256 | Bailey   | Reached XP level 10. HP: 48/74 MP: 11/22
  8350 | D:7      | Reached skill level 7 in Fighting
  8350 | D:7      | Reached skill level 5 in Conjurations
  8350 | D:7      | Reached skill level 5 in Hexes
  8350 | D:7      | Reached skill level 5 in Summonings
  8350 | D:7      | Reached skill level 5 in Necromancy
  8350 | D:7      | Reached skill level 5 in Translocations
  8350 | D:7      | Reached skill level 5 in Transmutations
  8350 | D:7      | Reached skill level 5 in Fire Magic
  8350 | D:7      | Reached skill level 5 in Ice Magic
  8350 | D:7      | Reached skill level 5 in Air Magic
  8350 | D:7      | Reached skill level 5 in Earth Magic
  8350 | D:7      | Reached skill level 5 in Poison Magic
  8350 | D:7      | Reached XP level 11. HP: 84/84 MP: 22/24
  8632 | D:7      | Found a sparkling altar of Nemelex Xobeh.
  8948 | D:8      | Found a basalt altar of Yredelemnul.
  9142 | D:8      | Learned a level 2 spell: Passwall
  9144 | D:8      | Reached ***** piety under Cheibriados
  9269 | D:8      | Found a glowing golden altar of the Shining One.
  9871 | D:8      | Reached skill level 8 in Fighting
 10362 | D:9      | Found a runed translucent gate.
 10362 | D:9      | Noticed Harold
 10403 | D:8      | Reached skill level 10 in Spellcasting
 11022 | D:9      | Noticed Erica
 11032 | D:9      | Killed Harold
 11032 | D:9      | Killed Erica
 11036 | D:9      | HP: 4/87 [large slime creature (24)]
 11290 | D:9      | Noticed Gastronok
 11650 | D:9      | Found a staircase to the Lair.
 11657 | D:10     | Entered Level 10 of the Dungeon
 11975 | D:10     | Learned a level 3 spell: Lesser Beckoning
 12100 | D:10     | Reached skill level 9 in Fighting
 12153 | D:10     | Found Pinkux's General Store.
 12158 | D:10     | Noticed a two-headed ogre
 12166 | D:10     | Killed a two-headed ogre
 12167 | D:10     | Reached XP level 12. HP: 95/95 MP: 26/26
 12171 | D:10     | Bought a potion of mutation for 96 gold pieces
 12171 | D:10     | Bought a scroll of fear for 48 gold pieces
 12216 | D:9      | Found Vosac's Distillery.
 12225 | D:9      | Bought a potion of degeneration for 13 gold pieces
 12371 | D:10     | Reached ****** piety under Cheibriados
 12880 | D:10     | Found a staircase to the Orcish Mines.
 13423 | D:9      | Found a runed translucent gate.
 13423 | D:9      | Found a runed translucent gate.
 13423 | D:9      | Noticed DSscumlord's ghost (novice DsHW)
 13423 | D:9      | Noticed billz999's ghost (journeyman DjIE)
 13541 | D:9      | Killed Gastronok
 13610 | Lair:1   | Entered Level 1 of the Lair of Beasts
 13747 | Lair:1   | Identified a scroll of acquirement
 13750 | Lair:1   | Acquired Wuockis's Grimoire of the Welkin and Enchantment
 13758 | Lair:1   | Learned a level 5 spell: Summon Mana Viper
 13876 | Lair:1   | Found the +8 whip "Snakebite" {venom, curare, rPois}
 14103 | Lair:1   | Reached skill level 10 in Fighting
 15155 | Lair:2   | Identified the +11 sling of the Swamp {drain, rF- Int+3
                  | Dex+5}
 15189 | Lair:2   | Found a runed translucent door.
 15504 | Lair:2   | Noticed themarg's ghost (journeyman GnWn)
 15704 | Lair:3   | Reached XP level 13. HP: 64/104 MP: 27/27
 15760 | Lair:3   | Found a staircase to the Shoals.
 15814 | Lair:3   | Noticed Amaemon
 15824 | Lair:3   | Killed Amaemon
 15845 | Lair:3   | Found a staircase to the Snake Pit.
 15954 | Lair:3   | Found a dark tunnel.
 15973 | Volcano  | Entered a volcano
 16609 | Lair:4   | Found a viscous altar of Jiyva.
 16612 | Lair:4   | Found a staircase to the Slime Pits.
 16908 | Lair:4   | Reached skill level 11 in Fighting
 17253 | Lair:5   | Entered Level 5 of the Lair of Beasts
 17373 | Lair:5   | Reached skill level 10 in Dodging
 17805 | Lair:5   | Found a sacrificial altar of Ru.
 17955 | Lair:5   | Reached skill level 10 in Stealth
 18051 | Lair:5   | Reached skill level 10 in Invocations
 18566 | Lair:5   | Reached XP level 14. HP: 114/114 MP: 29/29
 18620 | Lair:5   | Reached skill level 12 in Fighting
 18939 | Lair:5   | Learned a level 5 spell: Yara's Violent Unravelling
 18956 | Lair:5   | Identified the +2 lajatang of the Original Sin {flame,
                  | *Rage Int+4 Stlth+}
 19141 | Orc:1    | Entered Level 1 of the Orcish Mines
 19141 | Orc:1    | Noticed Fannar
 19146 | Orc:1    | Noticed Sonja
 19226 | Orc:1    | Killed Sonja
 19364 | Orc:1    | Killed Fannar
 19461 | Orc:1    | Found Utsymim's Assorted Antiques.
 19600 | Orc:2    | Entered Level 2 of the Orcish Mines
 19628 | Orc:2    | Noticed an orc warlord
 19895 | Orc:2    | Killed an orc warlord
 20070 | Orc:2    | Found Xukugaef's General Store.
 20070 | Orc:2    | Found Kahocs's Assorted Antiques.
 20077 | Orc:2    | Bought a scroll of blinking for 105 gold pieces
 20683 | Orc:2    | Found Oradyw's General Store.
 20683 | Orc:2    | Found Qajoti's Weapon Shoppe.
 20697 | Orc:2    | Bought a throwing net for 30 gold pieces
 20734 | Orc:2    | Found a staircase to the Elven Halls.
 21289 | Orc:2    | Bought a scroll of acquirement for 572 gold pieces
 21289 | Orc:2    | Acquired 1238 gold pieces
 21321 | Orc:2    | Bought a phial of floods for 560 gold pieces
 21321 | Orc:2    | Bought a potion of curing for 42 gold pieces
 21332 | Orc:2    | Bought a glowing chain mail for 202 gold pieces
 21427 | D:11     | Found Ecaceif's Assorted Antiques.
 21441 | D:11     | Bought a tiny citrine amulet for 105 gold pieces
 21441 | D:11     | Bought a bronze plate armour for 588 gold pieces
 21441 | D:11     | Identified the +0 plate armour of Jigsaw {Will+} (You
                  | bought it in a shop on level 11 of the Dungeon)
 21443 | D:11     | Bought a scroll of butterflies for 84 gold pieces
 21631 | D:11     | Identified the +1 pair of gloves "Ackem" {-Tele rF++ Int-3
                  | Dex+9}
 21765 | D:11     | Reached skill level 10 in Short Blades
 21765 | D:11     | Reached skill level 10 in Long Blades
 21765 | D:11     | Reached skill level 10 in Axes
 21765 | D:11     | Reached skill level 10 in Maces & Flails
 21765 | D:11     | Reached skill level 10 in Polearms
 21765 | D:11     | Reached skill level 10 in Staves
 21765 | D:11     | Reached skill level 10 in Ranged Weapons
 21765 | D:11     | Reached skill level 10 in Throwing
 21765 | D:11     | Reached skill level 10 in Armour
 21765 | D:11     | Reached skill level 10 in Shields
 21765 | D:11     | Reached skill level 10 in Unarmed Combat
 21765 | D:11     | Reached skill level 10 in Evocations
 21979 | D:11     | Reached skill level 13 in Fighting
 22232 | D:12     | Found a frozen archway.
 22247 | IceCv    | Entered an ice cave
 22361 | IceCv    | Learned a level 4 spell: Flame Wave
 23071 | IceCv    | Reached XP level 15. HP: 107/123 MP: 31/31
 23750 | D:12     | Acquired the +6 scale mail "Olin" {rCorr Int+4 Stlth+}
 25173 | D:14     | Found a gate leading to a gauntlet.
 25186 | Gauntlet | Entered a Gauntlet
 25186 | Gauntlet | Found a transporter.
 25186 | Gauntlet | Found a transporter.
 25201 | Gauntlet | Found a transporter.
 25210 | Gauntlet | Found a transporter.
 25213 | Gauntlet | Found a transporter.
 25221 | Gauntlet | Found a transporter.
 25237 | Gauntlet | Noticed a balrug
 25240 | Gauntlet | Found a transporter.
 25257 | Gauntlet | Found a transporter.
 25261 | Gauntlet | Found a transporter.
 25269 | Gauntlet | Found a transporter.
 25273 | Gauntlet | Found a transporter.
 25300 | Gauntlet | Found a transporter.
 25349 | Gauntlet | Identified the +1 robe of Gily {rN+ Str+2 Archmagi}
 25442 | Gauntlet | Killed a balrug
 25450 | Gauntlet | Identified the +0 helmet of Weightlessness {Contam Will++
                  | Slay+2}
 25820 | D:14     | Found a gate to the Vaults.
 25952 | D:14     | Learned a level 6 spell: Summon Cactus Giant
 25958 | D:14     | Learned a level 5 spell: Freezing Cloud
 26301 | D:15     | Entered Level 15 of the Dungeon
 27044 | D:15     | Reached skill level 14 in Fighting
 27257 | D:15     | Found a staircase to the Depths.
 27613 | Snake:1  | Entered Level 1 of the Snake Pit
 27835 | Snake:1  | Reached XP level 16. HP: 119/134 MP: 16/32
 29619 | Snake:2  | You are sucked into a shaft and drop 1 floor!
 29800 | Snake:3  | Noticed Bai Suzhen
 30773 | Snake:2  | Reached skill level 15 in Fighting
 31778 | Snake:2  | Reached skill level 10 in Conjurations
 31778 | Snake:2  | Reached skill level 10 in Summonings
 31778 | Snake:2  | Reached skill level 10 in Translocations
 31921 | Snake:3  | Identified the +1 leather armour "Cizoblad" {Dex+4}
 32229 | Snake:3  | Killed Bai Suzhen
 32912 | Snake:3  | Noticed Vashnia
 32929 | Snake:3  | Killed Vashnia
 32930 | Snake:3  | Reached XP level 17. HP: 98/142 MP: 21/34
 33095 | Snake:3  | Reached skill level 10 in Hexes
 33095 | Snake:3  | Reached skill level 10 in Necromancy
 33095 | Snake:3  | Reached skill level 10 in Transmutations
 33095 | Snake:3  | Reached skill level 10 in Fire Magic
 33095 | Snake:3  | Reached skill level 10 in Ice Magic
 33095 | Snake:3  | Reached skill level 10 in Air Magic
 33095 | Snake:3  | Reached skill level 10 in Earth Magic
 33095 | Snake:3  | Reached skill level 10 in Poison Magic
 33368 | Snake:4  | Entered Level 4 of the Snake Pit
 35152 | Snake:4  | Reached skill level 16 in Fighting
 37254 | Snake:4  | Got a serpentine rune of Zot
 37472 | D:9      | Killed DSscumlord's ghost
 37482 | D:9      | Killed billz999's ghost
 37496 | D:9      | Identified the +6 fire dragon scales of Numollof {rF++ rC-
                  | Str+3}
 37800 | D:3      | Killed Grinder
 37873 | D:5      | Killed olddryhag's ghost
 38111 | Lair:2   | Killed themarg's ghost
 38309 | Shoals:1 | Entered Level 1 of the Shoals
 38358 | Shoals:1 | Reached XP level 18. HP: 140/153 MP: 8/36
 38492 | Shoals:1 | Found a transporter.
 38493 | Shoals:1 | Found a transporter.
 38576 | Shoals:1 | Found a transporter.
 38577 | Shoals:1 | Found a transporter.
 38612 | Shoals:1 | Found a transporter.
 39390 | Shoals:1 | Found a transporter.
 39391 | Shoals:1 | Noticed Nikola
 39417 | Shoals:1 | Killed Nikola
 40201 | Shoals:2 | Identified the +8 morningstar "Eviscerator" {venom, rC+
                  | Int+3 Dex-3}
 41046 | Shoals:2 | Reached skill level 17 in Fighting
 41309 | Shoals:2 | Noticed Jorgrun
 41321 | Shoals:2 | Killed Jorgrun
 43041 | Shoals:3 | Found a runed translucent door.
 43078 | Shoals:3 | Found a corrupted altar of Lugonu.
 43078 | Shoals:3 | Found a one-way gate to the infinite horrors of the Abyss.
 43500 | Shoals:4 | Entered Level 4 of the Shoals
 43500 | Shoals:4 | Found a stormy altar of Qazlal.
 44349 | Shoals:4 | Identified the +1 whip of the Dragonfly {freeze, rC+ Dex+2}
 44349 | Shoals:4 | Identified the amulet "Icrisuc" {Reflect *Corrode rN+ Int+3
                  | SH+5}
 45432 | Shoals:4 | Reached XP level 19. HP: 160/161 MP: 29/37
 45547 | Shoals:4 | Identified the +2 helmet of Yesterday {Regen+}
 45550 | Shoals:4 | Got a barnacled rune of Zot
 45815 | Elf:1    | Entered Level 1 of the Elven Halls
 45815 | Elf:1    | Noticed Kirke
 45815 | Elf:1    | You are sucked into a shaft and drop 1 floor!
 46219 | Elf:1    | Reached skill level 15 in Spellcasting
 46864 | Elf:1    | Reached skill level 18 in Fighting
 46915 | Elf:1    | Killed Kirke
 47003 | Elf:1    | Noticed Azrael
 47029 | Elf:1    | Killed Azrael
 47239 | Elf:1    | Learned a level 2 spell: Wereblood
 47789 | Elf:2    | Found a runed translucent gate.
 47789 | Elf:2    | Found a runed translucent gate.
 47789 | Elf:2    | Found a runed translucent gate.
 48054 | Elf:3    | Entered Level 3 of the Elven Halls
 48696 | Elf:3    | Noticed Roxanne
 48748 | Elf:3    | Killed Roxanne
 48764 | Elf:3    | Learned a level 5 spell: Lee's Rapid Deconstruction
 48804 | Elf:3    | Reached skill level 15 in Invocations
 48851 | Elf:3    | Identified the ring "Jischygu" {Fire *Corrode Dex+9 SInv}
 49569 | Elf:3    | Identified the ring "Udwim" {*Corrode rElec EV+5 Int+3
                  | Slay+2}
 49588 | Elf:3    | Reached XP level 20. HP: 132/168 MP: 30/39
 49670 | Elf:3    | Identified the +9 great mace of Harmony {heavy, Dex+2}
 50067 | Elf:3    | Identified the ring "Faoh" {+Blink rCorr}
 50282 | Elf:3    | Identified the +11 hand axe of the Crafting Shrike {flame,
                  | rElec}
 50558 | Elf:3    | Identified the +10 long sword of the Changing Gods {heavy,
                  | Stlth+}
 50558 | Elf:3    | Identified the ring of Qicratere {rF+ Str+2 Dex+6}
 50558 | Elf:3    | Identified the +11 flail "Demonslayer" {heavy, Will+ Str+3
                  | Dex+4}
 50571 | Elf:3    | Noticed a Brimstone Fiend
 50811 | Elf:3    | Noticed a Tzitzimitl
 51049 | Elf:3    | Got the Quarto of Toxicity
 51066 | Elf:3    | Learned a level 4 spell: Animate Armour
 51443 | Vaults:1 | Entered Level 1 of the Vaults
 51821 | Vaults:1 | Reached skill level 19 in Fighting
 52146 | Vaults:1 | Reached skill level 15 in Dodging
 52497 | Vaults:1 | Identified the +7 quarterstaff of Wyrd {freeze, rC+ Dex+4}
 52515 | Vaults:1 | Reached skill level 15 in Stealth
 52719 | Vaults:1 | Found a huge runed gate.
 52719 | Vaults:1 | Found a huge runed gate.
 52719 | Vaults:1 | Found a huge runed gate.
 52721 | Vaults:1 | Found a huge runed gate.
 52721 | Vaults:1 | Found a huge runed gate.
 52721 | Vaults:1 | Found a huge runed gate.
 52721 | Vaults:1 | Found a huge runed gate.
 52721 | Vaults:1 | Found a huge runed gate.
 52722 | Vaults:1 | Found a huge runed gate.
 52722 | Vaults:1 | Found a huge runed gate.
 52723 | Vaults:1 | Found a huge runed gate.
 52724 | Vaults:1 | Found a huge runed gate.
 52725 | Vaults:1 | Found a huge runed gate.
 52726 | Vaults:1 | Found a huge runed gate.
 52727 | Vaults:1 | Found a huge runed gate.
 52728 | Vaults:1 | Found a huge runed gate.
 52736 | Vaults:1 | Found a huge runed gate.
 52736 | Vaults:1 | Found a huge runed gate.
 52736 | Vaults:1 | Found a huge runed gate.
 52736 | Vaults:1 | Found a huge runed gate.
 52736 | Vaults:1 | Found a huge runed gate.
 52736 | Vaults:1 | Found a huge runed gate.
 52737 | Vaults:1 | Found a huge runed gate.
 52738 | Vaults:1 | Found a huge runed gate.
 52739 | Vaults:1 | Found a huge runed gate.
 52747 | Vaults:1 | Found a huge runed gate.
 52747 | Vaults:1 | Found a huge runed gate.
 52747 | Vaults:1 | Found a huge runed gate.
 52747 | Vaults:1 | Found a huge runed gate.
 52747 | Vaults:1 | Found a huge runed gate.
 52747 | Vaults:1 | Found a huge runed gate.
 52748 | Vaults:1 | Found a huge runed gate.
 52758 | Vaults:1 | Found a huge runed gate.
 52759 | Vaults:1 | Found a huge runed gate.
 52767 | Vaults:1 | Found a huge runed gate.
 52767 | Vaults:1 | Found a huge runed gate.
 53101 | Vaults:1 | Noticed Asterion
 53117 | Vaults:1 | Killed Asterion
 53335 | Vaults:1 | Reached XP level 21. HP: 176/181 MP: 31/41
 54870 | Vaults:2 | Reached skill level 20 in Fighting
 55076 | Vaults:2 | Reached skill level 15 in Short Blades
 55076 | Vaults:2 | Reached skill level 15 in Long Blades
 55076 | Vaults:2 | Reached skill level 15 in Axes
 55076 | Vaults:2 | Reached skill level 15 in Maces & Flails
 55076 | Vaults:2 | Reached skill level 15 in Polearms
 55076 | Vaults:2 | Reached skill level 15 in Staves
 55076 | Vaults:2 | Reached skill level 15 in Ranged Weapons
 55076 | Vaults:2 | Reached skill level 15 in Throwing
 55076 | Vaults:2 | Reached skill level 15 in Armour
 55076 | Vaults:2 | Reached skill level 15 in Shields
 55076 | Vaults:2 | Reached skill level 15 in Unarmed Combat
 55076 | Vaults:2 | Reached skill level 15 in Evocations
 55983 | Vaults:3 | Noticed Frederick
 55993 | Vaults:3 | Killed Frederick
 56036 | Vaults:3 | Noticed Boris
 56052 | Vaults:3 | Killed Boris
 56087 | Vaults:3 | You are sucked into a shaft and drop 1 floor!
 56567 | Vaults:3 | Found Emufadoc's Magic Scroll Shop.
 56597 | Vaults:3 | Bought a scroll of magic mapping for 127 gold pieces
 56597 | Vaults:3 | Bought a scroll of magic mapping for 127 gold pieces
 56597 | Vaults:3 | Bought a scroll of butterflies for 68 gold pieces
 56605 | Vaults:3 | Found a staircase to the Crypt.
 56611 | Vaults:3 | Found Ulaakkoq's Weapon Shoppe.
 56893 | Vaults:3 | Reached XP level 22. HP: 184/185 MP: 42/42
 57426 | Vaults:3 | Found Pyonic's Book Emporium.
 57775 | Vaults:3 | Noticed Zenata
 58219 | Vaults:3 | Killed Zenata
 58559 | Vaults:3 | Found Nykhlunoe's General Store.
 58567 | Vaults:3 | Bought a scroll of teleportation for 39 gold pieces
 58567 | Vaults:3 | Bought a tin of tremorstones (2/2) for 520 gold pieces
 58567 | Vaults:3 | Bought a scroll of magic mapping for 97 gold pieces
 58567 | Vaults:3 | Bought a scroll of magic mapping for 97 gold pieces
 59370 | Vaults:4 | Reached skill level 21 in Fighting
 59512 | Vaults:4 | Noticed Boris
 59563 | Vaults:4 | Killed Boris
 59954 | Vaults:4 | Found a runed translucent gate.
 59955 | Vaults:4 | Noticed Anna's ghost (adept MiFi)
 59956 | Vaults:4 | Found a runed translucent gate.
 59957 | Vaults:4 | Found a runed translucent gate.
 60501 | Depths:1 | Entered Level 1 of the Depths
 61070 | Depths:1 | Noticed Aizul
 61082 | Depths:1 | Killed Aizul
 61164 | Depths:1 | Found a one-way gateway to a ziggurat.
 61164 | Depths:1 | Noticed an ancient lich
 61204 | Depths:1 | Reached XP level 23. HP: 193/200 MP: 33/44
 61218 | Depths:1 | Killed an ancient lich
 61456 | Depths:1 | Noticed Mara
 61468 | Depths:1 | Killed Mara
 61590 | Depths:1 | Found a gateway to Hell.
 61662 | Depths:1 | Noticed a caustic shrike
 61662 | Depths:1 | Noticed a caustic shrike
 61662 | Depths:1 | Noticed a caustic shrike
 61676 | Depths:1 | Killed a caustic shrike
 61889 | Depths:1 | Killed a caustic shrike
 62079 | Depths:1 | Found a one-way gate leading to the halls of Pandemonium.
 62180 | Depths:1 | Killed a caustic shrike
 62389 | Depths:1 | Noticed the Enchantress
 62405 | Depths:1 | Killed the Enchantress
 62652 | Depths:1 | Learned a level 7 spell: Spellforged Servitor
 62659 | Depths:1 | Learned a level 6 spell: Iron Shot
 62756 | Depths:1 | Found a glowing silver altar of Zin.
 63491 | Depths:2 | Noticed a golden dragon
 63495 | Depths:2 | Killed a golden dragon
 63559 | Depths:2 | Noticed a caustic shrike
 63559 | Depths:2 | a caustic shrike changed into an acid blob
 63792 | Depths:2 | Learned a level 3 spell: Vhi's Electric Charge
 64074 | Depths:2 | Reached skill level 22 in Fighting
 64790 | Depths:3 | Gained mutation: You do not regenerate when monsters are
                  | visible. [you]
 64794 | Depths:3 | Lost mutation: You do not regenerate when monsters are
                  | visible. [potion of mutation]
 64794 | Depths:3 | Gained mutation: You are somewhat resistant to further
                  | mutation. [potion of mutation]
 64794 | Depths:3 | Gained mutation: You have large cloven feet. [potion of
                  | mutation]
 65210 | Depths:3 | Noticed Boris
 65532 | Depths:3 | Reached XP level 24. HP: 190/211 MP: 36/44
 65773 | Depths:3 | Killed Boris
 65972 | Depths:3 | Identified the +2 robe "Poykunt" {Rampage Str+2 SInv}
 66194 | Depths:3 | Found an opulent altar of Gozag.
 66286 | Depths:4 | Entered Level 4 of the Depths
 67253 | Depths:4 | Found a gate to the Realm of Zot.
 67559 | Depths:4 | Learned a level 6 spell: Death Channel
 67754 | Depths:4 | Found a bloodstained altar of Trog.
 68235 | Vaults:5 | Entered Level 5 of the Vaults
 68285 | Vaults:5 | Noticed an ancient lich
 68348 | Vaults:5 | Killed an ancient lich
 68686 | Vaults:5 | Reached skill level 23 in Fighting
 68732 | Vaults:5 | Reached XP level 25. HP: 189/221 MP: 7/45
 68870 | Vaults:5 | Identified the +3 broad axe "Newtbane" {spect, Str+4}
 68990 | Vaults:5 | Noticed Sojobo
 68998 | Vaults:5 | Killed Sojobo
 69203 | Vaults:5 | Noticed Xtahua
 69210 | Vaults:5 | Killed Xtahua
 69211 | Vaults:5 | Reached skill level 15 in Conjurations
 69211 | Vaults:5 | Reached skill level 15 in Summonings
 69211 | Vaults:5 | Reached skill level 15 in Translocations
 70173 | Vaults:5 | Noticed Margery
 70191 | Vaults:5 | Killed Margery
 70430 | Vaults:5 | Got a silver rune of Zot
 71030 | D:10     | Bought 3 scrolls of enchant weapon for 270 gold pieces
 71030 | D:10     | Bought a scroll of amnesia for 48 gold pieces
 71107 | Slime:1  | Entered Level 1 of the Pits of Slime
 71116 | Lair:4   | Reached skill level 15 in Hexes
 71116 | Lair:4   | Reached skill level 15 in Necromancy
 71116 | Lair:4   | Reached skill level 15 in Transmutations
 71116 | Lair:4   | Reached skill level 15 in Fire Magic
 71116 | Lair:4   | Reached skill level 15 in Ice Magic
 71116 | Lair:4   | Reached skill level 15 in Air Magic
 71116 | Lair:4   | Reached skill level 15 in Earth Magic
 71116 | Lair:4   | Reached skill level 15 in Poison Magic
 71997 | Slime:3  | Found a viscous altar of Jiyva.
 72746 | Slime:5  | Entered Level 5 of the Pits of Slime
 73432 | Slime:5  | Paralysed by a floating eye for 4 turns
 73543 | Slime:5  | Noticed the Royal Jelly
 73630 | Slime:5  | Killed the Royal Jelly
 74282 | Slime:5  | Found the +3 robe of Clouds {*Thunder rCloud rElec}
 74282 | Slime:5  | Found the +8 autumn katana {manifold assault}
 74292 | Slime:5  | Identified the ring of the Rose {Fly rC+}
 74347 | Slime:5  | Identified the +0 plate armour of Foekigus {*Corrode Str+7
                  | Int+2}
 74357 | Slime:5  | Got a slimy rune of Zot
 74358 | Slime:5  | Acquired 873 gold pieces
 74396 | Slime:5  | Identified the ring "Ohoxzeto" {Wiz Fly rC+}
 74430 | Slime:5  | Identified the +2 ice dragon scales "Seism" {rF- rC++ SInv}
 74884 | Zot:1    | Entered Level 1 of the Realm of Zot
 74897 | Zot:1    | Reached XP level 26. HP: 213/231 MP: 40/46
 74902 | Zot:1    | Reached skill level 24 in Fighting
 75766 | Depths:4 | Learned a level 1 spell: Sandblast
 75775 | Depths:4 | Learned a level 8 spell: Maxwell's Capacitive Coupling
 77429 | Zot:2    | Noticed an orb of fire
 77440 | Zot:2    | Killed an orb of fire
 77695 | Zot:2    | Identified the +7 chain mail of the Hanged Man {rF+ Dex+5
                  | Stlth+}
 77824 | Zot:2    | Upgraded the game from 0.30-a0-576-g89cddaab80 to
                  | 0.30-a0-578-gdee14c521f
 77842 | Zot:2    | Identified the +2 leather armour of Zaxilul {*Corrode Str+7
                  | Int+3}
 78200 | Zot:2    | Found a transporter.
 78297 | Zot:2    | Found a transporter.
 78448 | Zot:3    | Noticed an orb of fire
 78994 | Elf:2    | Noticed Agnes
 79002 | Elf:2    | Killed Agnes
 79852 | Zot:3    | Killed an orb of fire
 79907 | Zot:3    | Noticed an orb of fire
 79911 | Zot:3    | Killed an orb of fire
 80823 | Zot:3    | Noticed an orb of fire
 80824 | Zot:3    | Gained mutation: You occasionally shout uncontrollably at
                  | your foes. [an orb of fire]
 80828 | Zot:3    | Killed an orb of fire
 80829 | Zot:3    | Reached XP level 27. HP: 240/240 MP: 39/46
 82692 | Zot:3    | Reached skill level 25 in Fighting
 82943 | Zot:3    | Identified the ring of Balance {rElec rPois rCorr Int+3
                  | Slay+6}
 82946 | Zot:3    | Got Heegel's Precepts of Ice
 83083 | Zot:4    | Noticed Parghit
 83101 | Zot:4    | Killed Parghit
 83175 | Zot:4    | Noticed a dread lich
 83239 | Zot:4    | Noticed Buusaloph's ghost (veteran TrCK)
 83384 | Zot:4    | Found a transporter.
 83635 | Zot:4    | Found a transporter.
 83675 | Zot:4    | Identified the ring "Watwaceo" {Ice *Corrode rElec SInv}
 83675 | Zot:4    | Noticed Josephina
 83687 | Zot:4    | Killed Josephina
 84513 | Zot:5    | Entered Level 5 of the Realm of Zot
 84550 | Zot:5    | Noticed an orb of fire
 84557 | Zot:5    | Gained mutation: You occasionally lose the ability to read
                  | scrolls when taking damage. [an orb of fire]
 84558 | Zot:5    | Killed an orb of fire
 85401 | Zot:5    | Learned a level 5 spell: Borgnjor's Vile Clutch
 85489 | Zot:5    | Noticed a dread lich
 85983 | Zot:5    | Killed a dread lich
 86310 | Zot:5    | Noticed an orb of fire
 86315 | Zot:5    | Killed an orb of fire
 86363 | Zot:5    | Noticed an orb of fire
 86367 | Zot:5    | Gained mutation: You are occasionally teleported next to
                  | monsters. [an orb of fire]
 86368 | Zot:5    | Killed an orb of fire
 86369 | Zot:5    | Lost mutation: You are somewhat resistant to further
                  | mutation. [potion of mutation]
 86369 | Zot:5    | Lost mutation: You are occasionally teleported next to
                  | monsters. [potion of mutation]
 86369 | Zot:5    | Lost mutation: You occasionally shout uncontrollably at
                  | your foes. [potion of mutation]
 86370 | Zot:5    | Lost mutation: You occasionally lose the ability to read
                  | scrolls when taking damage. [potion of mutation]
 86370 | Zot:5    | Lost mutation: You have large cloven feet. [potion of
                  | mutation]
 86370 | Zot:5    | Gained mutation: You are clumsy. (Dex -2) [potion of
                  | mutation]
 86370 | Zot:5    | Gained mutation: You are partially covered in iridescent
                  | scales. (AC +2) [potion of mutation]
 86515 | Zot:5    | Noticed an orb of fire
 86519 | Zot:5    | Gained mutation: You have sharp toenails. [an orb of fire]
 86521 | Zot:5    | Killed an orb of fire
 87704 | Zot:5    | Upgraded the game from 0.30-a0-578-gdee14c521f to
                  | 0.30-a0-585-g93115170b9
 87950 | Zot:5    | Noticed an ancient lich
 87953 | Zot:5    | Killed an ancient lich
 88000 | Zot:5    | Got the Orb of Zot
 88300 | Depths:2 | Noticed Gadeosas the pandemonium lord
 88357 | D:15     | Noticed a seraph
 88369 | D:15     | Killed a seraph
 88371 | D:15     | Noticed Laox the pandemonium lord
 88510 | D:12     | Noticed Qaug the pandemonium lord
 88555 | D:10     | Noticed Tugeaw the pandemonium lord
 88746 | D:$      | Escaped with the Orb!

Illustrated notes

Levels and vault maps discovered:
D:1:      dpeg_arrival_ternary, layout_basic, minivault_25
D:2:      layout_basic, shapermc_ecumenical_altar_mp_ritualfount
D:3:      layout_loops_ring, uniq_grinder
D:4:      layout_layer_cave, mainiacjoe_overflow_brackets,
          minmay_temple_entry_proselytizer, serial_bayou_pond_b,
          kennysheep_nondescript, minivault_24, uniq_edmund
D:5:      minmay_razor_zed, layout_loops_corners,
          grunt_temple_overflow_gold_and_silver, hellmonk_ghost_happy_afterlife
D:6:      kennysheep_housing_project, layout_basic,
          chequers_temple_overflow_minitemple
D:7:      layout_basic, nemelex_dance_club_becter, enter_bailey_5
D:8:      layout_gridville, mainiacjoe_overflow_catwalk,
          mainiacjoe_overflow_cross_hatched
D:9:      layout_rooms, lair_entry_dummy, serial_shops,
          nicolae_shop_advertising_works [nicolae_subvault_shop_adworks],
          gammafunk_ghost_cemetery, minivault_7, uniq_erica, uniq_harold,
          uniq_gastronok
D:10:     layout_roguey, hiddenorc1_lemuel, serial_shops,
          nicolae_shop_statue_plus
D:11:     layout_small_grid, serial_shops, nicolae_shop_stone
D:12:     layout_basic, portal_ice_cave_entry_pillars_1, minmay_misc_feat_alley
D:13:     layout_loops_ring, serial_aquarium, aquarium_bridge_square
          [aquarium_subvault_bridge, aquarium_subvault_window,
          aquarium_subvault_wall, aquarium_subvault_bridge],
          aquarium_bridge_straight [aquarium_subvault_bridge,
          aquarium_subvault_wall, aquarium_subvault_bridge,
          aquarium_subvault_wall], aquarium_window_1, aquarium_window_2,
          aquarium_window_corner, aquarium_view_2b, aquarium_view_2e,
          aquarium_pool_corner
D:14:     kennysheep_ambush_hall, layout_loops_cross, erik_vaults_1,
          gauntlet_entry_generic
D:15:     hangedman_depths_entry_try_elsewhere_first, layout_small_grid,
          minmay_misc_feat_pillars
Temple:   chequers_temple_sunken
Lair:1:   minmay_guarded_unrand_snakebite, layout_loops_ring
Lair:2:   layout_cave_pods, ebering_ghost_reflecting_pool
Lair:3:   layout_cave_shapes, shoals_dummy_entry, guppyfry_snake_entry_garden,
          nicolae_volcano_entry_batcave, uniq_amaemon
Lair:4:   beast_lair_carwin_large_2, layout_big_grid, slime_entry_1
Lair:5:   grunt_lair_end_beastmaster, layout_gridlike, basic_altar,
          kennysheep_abandoned_house
Shoals:1: layout_shoals, serial_nicolae_subway, nicolae_sub_station_metal,
          nicolae_sub_station_crystal, nicolae_sub_station_stone, uniq_nikola
Shoals:2: layout_shoals, uniq_jorgrun
Shoals:3: layout_shoals, nicolae_shoals_abyss_on_the_beach
Shoals:4: shoals_end_hellmonk_storm_palace [storm_palace_center_ruins,
          storm_palace_corner_reverse_hut, storm_palace_corner_altar,
          storm_palace_corner_narrow, storm_palace_corner_pillars]
Snake:1:  layout_chambers, nicolae_snake_double_loop,
          nicolae_snake_round_shape_thing, st_stairs_12, grunt_ministairs_15
Snake:2:  layout_honeycomb, serial_bayou_lake_a, lemuel_fruit_tree
Snake:3:  layout_misc_corridors, uniq_bai_suzhen, uniq_vashnia
Snake:4:  grunt_snake_rune_spirals, layout_concentric_octagons,
          serial_bayou_ford_a
Slime:1:  layout_caves
Slime:2:  cheibrodos_slime_lost_civilization_2, layout_caves
Slime:3:  layout_caves, basic_altar
Slime:4:  layout_caves, nicolae_slime_phagocytosis
Slime:5
Orc:1:    layout_caves, serial_shops, nicolae_shop_overgrown_old_shop,
          uniq_sonja, uniq_fannar
Orc:2:    st_orc_town, layout_caves, mines2_david
Elf:1:    nicolae_elf_arrival_aired_out, layout_rooms, minivault_28, uniq_kirke,
          uniq_azrael
Elf:2:    elven_hall_of_blades_hangedman_original [nooodl_blade_entry_preview],
          layout_loops_cross, uniq_agnes
Elf:3:    elf_hall_gauntlet_narrow, layout_loops_corners,
          small_chamber_with_monster, uniq_roxanne
Vaults:1: gammafunk_ghost_door_vault, nicolae_vaults_network_quincunx
          [nicolae_vaults_network_quincunx_subvault,
          nicolae_vaults_network_quincunx_subvault,
          nicolae_vaults_network_quincunx_subvault,
          nicolae_vaults_network_quincunx_subvault,
          nicolae_vaults_network_quincunx_subvault], grunt_vaults_funnel,
          dpeg_vaults_monster_box, vaults_room_semicircle,
          ontoclasm_vaults_gateway, hangedman_vaults_cutoff,
          nicolae_vaults_border_crossing, nicolae_vaults_holding_cells,
          ontoclasm_vaults_spin, vaults_dpeg_emergency_exit,
          layout_vaults_omnicross, uniq_asterion
Vaults:2: serial_ice_h, v_misc_33, nicolae_vaults_ninety_degrees,
          st_smaller_cells, hangedman_vaults_nodes, grunt_vaults_trifunnel,
          ontoclasm_vaults_claustrophobia, v_misc_27,
          nicolae_vaults_network_star, vaults_mumra_chevron,
          nicolae_vaults_shelves_hall, layout_vaults_maze_bifur
Vaults:3: minmay_crypt_entry_simple_sparse, hangedman_vaults_cutoff,
          nicolae_vaults_diagonal_hallway_8, hangedman_vaults_river_flow,
          dpeg_vaults_monster_row, vaults_mumra_hexcomb, hangedman_vaults_locks,
          vaults_dpeg_ring, nicolae_vaults_theta, layout_vaults_big_room,
          serial_shops, shop, nicolae_shop_trees, shop, shop, uniq_frederick,
          uniq_zenata, uniq_boris
Vaults:4: gammafunk_ghost_spectres, v_misc_3, v_misc_17,
          vaults_room_ringed_pool, ontoclasm_vaults_shout, v_misc_30,
          grunt_vaults_twisty, v_pattern_2,
          vaults_standard_mumra_enter_the_diamond,
          nicolae_vaults_sealed_display, vaults_dpeg_hooks, v_alt_pattern_1,
          vaults_room_grid, layout_vaults_omnibox
Vaults:5: uniq_xtahua, uniq_sojobo, uniq_margery
Depths:1: minmay_expanding_squares, layout_gridlike, enter_ziggurat_d,
          pf_vacation_house_of_asmodeus, pan_entry,
          chequers_serial_rivers_micro_c, zin_treasury, serial_bayou_shore_b,
          serial_bayou_shore_b, uniq_enchantress, uniq_mara, uniq_aizul
Depths:2: hangedman_cross_veins, layout_gridlike, hell_entry,
          rand_demon_pan_entry_9
Depths:3: evilmike_inaccessible_box, layout_gridlike,
          hangedman_abyss_entry_splay, interstate_on_off, hell_entry,
          nicolae_gozag_cash_rules_everything_around_me,
          infiniplex_staircase_diamond
Depths:4: evilmike_zot_entry_diamond, layout_basic, minmay_room_of_horrors,
          hell_entry, minmay_misc_feat_roman, evilmike_spriggan_trog_shrine
Zot:1:    layout_gridlike
Zot:2:    gammafunk_dig_for_victory, layout_twisted_circle
Zot:3:    gammafunk_mikee_crab_dinner, layout_concentric_octagons
Zot:4:    layout_misc_corridors, gammafunk_ghost_abyssal_escape, uniq_parghit,
          uniq_josephina
Zot:5:    layout_basic, st_stairs_13, skrybe_zot_glass_1

Skill      XL: |  1  2  3  4  5  6  7  8  9 10 11 12 13 14 15 16 17 18 19 20 21 22 23 24 25 26 27 |
---------------+----------------------------------------------------------------------------------+-----
Conjurations   | 2 3 4 5 6 7 8 9 10 11 12 13 14 15 16 | 16.8
Summonings     | 2 3 4 5 6 7 8 9 10 11 12 13 14 15 16 | 16.8
Translocations | 2 3 4 5 6 7 8 9 10 11 12 13 14 15 16 | 16.8
Invocations    | 1 2 3 4 5 7 8 9 10 11 12 13 14 15 16 17 18 19 20 21 | 21.1
Fighting       | 1 2 3 5 7 9 10 11 13 14 15 16 17 18 19 20 21 22 23 24 25 | 25.8
Short Blades   | 1 2 3 5 6 7 8 9 10 11 12 13 14 15 16 17 18 19 | 19.6
Long Blades    | 1 2 3 5 6 7 8 9 10 11 12 13 14 15 16 17 18 19 | 19.6
Axes           | 1 2 3 5 6 7 8 9 10 11 12 13 14 15 16 17 18 19 | 19.6
Maces & Flails | 1 2 3 5 6 7 8 9 10 11 12 13 14 15 16 17 18 19 | 19.6
Polearms       | 1 2 3 5 6 7 8 9 10 11 12 13 14 15 16 17 18 19 | 19.6
Staves         | 1 2 3 5 6 7 8 9 10 11 12 13 14 15 16 17 18 19 | 19.6
Ranged Weapons | 1 2 3 5 6 7 8 9 10 11 12 13 14 15 16 17 18 19 | 19.6
Throwing       | 1 2 3 5 6 7 8 9 10 11 12 13 14 15 16 17 18 19 | 19.6
Armour         | 1 2 3 5 6 7 8 9 10 11 12 13 14 15 16 17 18 19 | 19.6
Shields        | 1 2 3 5 6 7 8 9 10 11 12 13 14 15 16 17 18 19 | 19.6
Unarmed Combat | 1 2 3 5 6 7 8 9 10 11 12 13 14 15 16 17 18 19 | 19.6
Evocations     | 1 2 3 5 6 7 8 9 10 11 12 13 14 15 16 17 18 19 | 19.6
Hexes          | 1 2 3 4 5 6 7 8 9 10 11 12 13 14 15 16 | 16.7
Necromancy     | 1 2 3 4 5 6 7 8 9 10 11 12 13 14 15 16 | 16.7
Transmutations | 1 2 3 4 5 6 7 8 9 10 11 12 13 14 15 16 | 16.7
Fire Magic     | 1 2 3 4 5 6 7 8 9 10 11 12 13 14 15 16 | 16.7
Ice Magic      | 1 2 3 4 5 6 7 8 9 10 11 12 13 14 15 16 | 16.7
Air Magic      | 1 2 3 4 5 6 7 8 9 10 11 12 13 14 15 16 | 16.7
Earth Magic    | 1 2 3 4 5 6 7 8 9 10 11 12 13 14 15 16 | 16.7
Poison Magic   | 1 2 3 4 5 6 7 8 9 10 11 12 13 14 15 16 | 16.7
Dodging        | 5 6 8 9 10 11 12 13 14 15 16 17 18 19 20 | 20.0
Stealth        | 5 6 7 8 9 10 11 12 13 14 15 16 17 18 19 20 | 20.0
Spellcasting   | 8 9 10 11 12 13 14 15 16 17 18 19 20 | 20.6

Action                   |  1- 3 |  4- 6 |  7- 9 | 10-12 | 13-15 | 16-18 | 19-21 | 22-24 | 25-27 || total
-------------------------+-------+-------+-------+-------+-------+-------+-------+-------+-------++-------
Melee: Dagger            |    77 |    16 |   170 |   252 |       |       |       |       |       ||   515
       Bite              |     8 |    12 |    23 |    73 |   109 |   173 |   263 |   305 |   177 ||  1143
       Mace              |       |    38 |    31 |       |       |       |       |       |       ||    69
       Punch             |       |     2 |     3 |       |       |       |       |       |       ||     5
       Unarmed           |       |       |     5 |       |       |       |       |       |       ||     5
       Spear             |       |       |     3 |    51 |       |       |       |       |       ||    54
       Flail             |       |       |       |    40 |       |       |       |       |       ||    40
       Whip              |       |       |       |    69 |   618 |   910 |  1195 |  1268 |   162 ||  4222
       Scimitar          |       |       |       |    53 |    17 |       |       |       |       ||    70
       Demon blade       |       |       |       |       |       |       |       |       |   166 ||   166
       Katana            |       |       |       |       |       |       |       |       |   615 ||   615
 Fire: Sling             |       |       |       |    10 |   431 |       |       |       |       ||   441
Throw: Dart              |       |       |       |       |     4 |       |     1 |       |     3 ||     8
       Javelin           |       |       |       |       |       |       |       |       |    11 ||    11
       Throwing net      |       |       |       |       |       |       |       |       |     4 ||     4
       Boomerang         |       |       |       |       |       |       |       |       |     1 ||     1
 Cast: Magic Dart        |    54 |    65 |   222 |   130 |    16 |       |       |       |       ||   487
       Call Imp          |       |    10 |     9 |       |       |       |       |       |       ||    19
       Blink             |       |     2 |     5 |     3 |       |     1 |       |     1 |       ||    12
       Mephitic Cloud    |       |     2 |    31 |    21 |    10 |     1 |       |       |       ||    65
       Lesser Beckoning  |       |       |       |     2 |    17 |    93 |    86 |    41 |    21 ||   260
       Summon Mana Viper |       |       |       |     4 |    15 |    10 |    47 |    37 |    11 ||   124
       Flame Wave        |       |       |       |       |    18 |       |       |       |       ||    18
       Yara's Violent Un |       |       |       |       |     9 |    27 |    14 |    33 |    11 ||    94
       Summon Cactus Gia |       |       |       |       |     2 |     9 |    19 |     2 |     2 ||    34
       Freezing Cloud    |       |       |       |       |       |   229 |    69 |    21 |       ||   319
       Animate Armour    |       |       |       |       |       |       |    25 |    32 |       ||    57
       Wereblood         |       |       |       |       |       |       |    12 |    26 |    81 ||   119
       Lee's Rapid Decon |       |       |       |       |       |       |    10 |    47 |    38 ||    95
       Spellforged Servi |       |       |       |       |       |       |       |    32 |    96 ||   128
       Iron Shot         |       |       |       |       |       |       |       |    10 |    85 ||    95
       Death Channel     |       |       |       |       |       |       |       |     6 |    36 ||    42
       Maxwell's Capacit |       |       |       |       |       |       |       |       |    14 ||    14
       Vhi's Electric Ch |       |       |       |       |       |       |       |       |     4 ||     4
       Borgnjor's Vile C |       |       |       |       |       |       |       |       |    20 ||    20
Invok: Bend Time         |       |       |       |     1 |       |       |       |       |       ||     1
       Slouch            |       |       |       |       |     4 |     1 |       |     7 |     8 ||    20
       Step From Time    |       |       |       |       |       |     1 |       |       |       ||     1
Evoke: Wand              |       |     2 |     1 |    12 |     3 |     2 |     1 |     1 |     8 ||    30
       Box of beasts     |       |       |       |     1 |     1 |     4 |       |     3 |     5 ||    14
       Phantom mirror    |       |       |       |       |     1 |     1 |       |       |     1 ||     3
       Phial of floods   |       |       |       |       |       |     2 |     1 |     2 |     1 ||     6
       Condenser vane    |       |       |       |       |       |       |     2 |     3 |     3 ||     8
       Tin of tremorston |       |       |       |       |       |       |       |       |     4 ||     4
  Use: Potion            |       |     3 |     1 |     3 |     3 |       |       |     5 |     6 ||    21
       Scroll            |       |     1 |     3 |    24 |     5 |       |     4 |     4 |    16 ||    57
 Stab: Sleeping          |     2 |     1 |     1 |     6 |     3 |     1 |     3 |     2 |     2 ||    21
       Distracted        |       |     1 |     2 |     2 |     2 |     3 |    11 |    34 |    56 ||   111
       Confused          |       |     2 |    14 |    12 |    15 |       |       |       |       ||    43
       Petrified         |       |       |       |       |     5 |       |       |       |       ||     5
       Petrifying        |       |       |       |       |       |     1 |       |       |       ||     1
       Held in net/web   |       |       |       |       |       |       |       |       |     2 ||     2
Armor: Robe              |    20 |    17 |    17 |       |       |       |       |       |       ||    54
       Skin              |       |       |    10 |       |       |       |       |       |       ||    10
       Ring mail         |       |       |    27 |   117 |    92 |       |       |       |       ||   236
       Scale mail        |       |       |       |       |    45 |    40 |       |       |       ||    85
       Storm dragon scal |       |       |       |       |       |   106 |   128 |    61 |       ||   295
       Acid dragon scale |       |       |       |       |       |       |       |    40 |   103 ||   143
Dodge: Dodged            |    63 |    48 |   156 |   263 |   440 |   593 |   448 |   466 |   680 ||  3157
Block: Buckler           |       |       |    27 |   147 |   232 |   238 |       |       |       ||   644
       Kite shield       |       |       |       |       |       |   115 |   701 |   704 |   731 ||  2251

Table legend: (Time is in decaauts)
 A = Elapsed time spent in this place.
 B = Non-inter-level travel time spent in this place.
 C = Inter-level travel time spent in this place.
 D = Time resting spent in this place.
 E = Time spent auto-exploring this place.
 F = Levels seen in this place.
 G = Mean time per level.
                   A        B        C        D        E       F      G
               +--------+--------+--------+--------+--------+-----+--------+
         Total | 125112 | 109961 |  15151 |  21432 |  67590 |  57 | 2194.9 |
       Dungeon |  27945 |  22356 |   5589 |   3150 |  15231 |  15 | 1863.0 |
        Temple |     92 |     71 |     21 |      0 |     64 |   1 |   92.0 |
          Lair |  10534 |   8846 |   1688 |    752 |   6561 |   5 | 2106.8 |
        Shoals |   9693 |   9264 |    429 |   2178 |   5348 |   4 | 2423.2 |
     Snake Pit |  13533 |  12484 |   1049 |   4103 |   6579 |   4 | 3383.2 |
    Slime Pits |   5448 |   4634 |    814 |    788 |   2763 |   5 | 1089.6 |
  Orcish Mines |   3583 |   2841 |    742 |    329 |   1960 |   2 | 1791.5 |
   Elven Halls |   8284 |   7756 |    528 |   1596 |   4366 |   3 | 2761.3 |
        Vaults |  15851 |  14698 |   1153 |   2290 |   9320 |   5 | 3170.2 |
        Depths |  12009 |   9782 |   2227 |   1341 |   6610 |   4 | 3002.2 |
           Zot |  14811 |  13902 |    909 |   3544 |   7905 |   5 | 2962.2 |
        Bailey |    782 |    782 |      0 |    160 |    419 |   1 |  782.0 |
      Ice Cave |   1725 |   1725 |      0 |   1093 |    219 |   1 | 1725.0 |
       Volcano |    155 |    155 |      0 |      9 |      0 |   1 |  155.0 |
      Gauntlet |    661 |    661 |      0 |     97 |    244 |   1 |  661.0 |
               +--------+--------+--------+--------+--------+-----+--------+

Top non-repeatable levels by time:
 Snake:4: 5099 daAuts
   Zot:3: 4517 daAuts
   Zot:5: 4288 daAuts
   Elf:3: 4131 daAuts
Depths:1: 3786 daAuts
Vaults:1: 3611 daAuts
Vaults:2: 3227 daAuts
Vaults:5: 3195 daAuts
Vaults:4: 2972 daAuts
 Snake:2: 2938 daAuts
    D:15: 2896 daAuts
 Snake:1: 2896 daAuts
Vaults:3: 2843 daAuts
    D:10: 2772 daAuts
Depths:3: 2762 daAuts
